 Dungeon Crawl Stone Soup version 0.18.1-51-gd549091e01 (webtiles) character file.

15195 magog001 the Cleaver (level 11, 0/157 HPs)
             Began as a Minotaur Fighter on Aug 12, 2021.
             Slain by Sonja
             ... wielding a +0 dagger of venom
              (2 damage)
             ... on level 3 of the Lair of Beasts.
             The game lasted 01:08:33 (11320 turns).

magog001 the Cleaver (Minotaur Fighter)            Turns: 11320, Time: 01:08:34

Health: 0/157      AC: 20    Str: 27    XL:     11   Next: 98%
Magic:  11/11      EV:  3    Int:  8    God:
Gold:   1275       SH:  0    Dex: 16    Spells: 0 memorised, 10 levels left

rFire  . . .     SeeInvis .     a - +4 war axe
rCold  + . .     Gourm    .     u - +0 plate armour
rNeg   . . .     Faith    .     t - +5 large shield
rPois  .         Spirit   .     (helmet restricted)
rElec  .         Dismiss  .     (no cloak)
rCorr  .         Reflect  .     b - +0 pair of gloves
SustAt .         Harm     .     y - +2 pair of boots {Stlth+}
MR     .....                    (no amulet)
Stlth  ..........               p - +3 ring of intelligence
                                f - +4 ring of dexterity

@: confused, mighty, berserking (expiring), lethally poisoned (0 -> -43), very
quick, not resistant to hostile enchantments, extremely unstealthy
A: retaliatory headbutt, hooves 1, horns 2, cold resistance 1, evolution 1
a: no special abilities


You were on level 3 of the Lair of Beasts.
You were not hungry.

You visited 3 branches of the dungeon, and saw 13 of its levels.
You also visited: Ossuary, Bailey and Ice Cave.

You collected 1275 gold pieces.

Inventory:

Hand Weapons
 a - a +4 war axe (weapon)
 e - a +0 hunting sling
 r - a +2 halberd of chopping
 H - a +0 quarterstaff of freezing
 L - a +0 battleaxe of freezing
 M - the +14 plutonium sword {*Contam Stlth-}
   (You found it in an ice cave)

   It causes magical contamination when unequipped.
   It makes you less stealthy.
Missiles
 g - 52 sling bullets
 h - 14 throwing nets
 n - 368 stones
 q - 9 tomahawks (quivered)
Armour
 b - a +0 pair of gloves (worn)
 t - a +5 large shield (worn)
 u - a +0 plate armour (worn)
 y - a +2 pair of boots of stealth (worn)
Jewellery
 f - a +4 ring of dexterity (left hand)
 p - a +3 ring of intelligence (right hand)
 C - an uncursed ring of ice
Wands
 c - a wand of iceblast (6/15)
 o - a wand of acid (14/15)
 s - a wand of iceblast (7/15)
 A - a wand of slowing (16/48)
 F - a wand of disintegration (3/24)
 I - a wand of teleportation (5/9)
Scrolls
 i - 9 scrolls of identify
 k - 5 scrolls of remove curse
 l - 6 scrolls of teleportation
 z - a scroll of summoning {unknown}
 K - a scroll of amnesia
Potions
 d - a potion of might
 m - a potion of magic
 w - a potion of ambrosia
 B - a potion of cancellation
 J - 3 potions of resistance
Miscellaneous
 x - a phial of floods
Comestibles
 j - 7 bread rations
 D - 21 royal jellies
 G - 9 fruits


   Skills:
 * Level 12.7 Fighting
 * Level 14.8 Axes
 * Level 12.0 Armour
 + Level 1.2 Stealth
 - Level 4.3 Shields
 + Level 1.7 Evocations


You had 10 spell levels left.
You didn't know any spells.

Dungeon Overview and Level Annotations

Branches:
Dungeon (9/15)             Temple (1/1) D:6            Lair (3/8) D:9
  Swamp: Lair:3-6    Shoals: Lair:3-6     Snake: Lair:3-6    Spider: Lair:3-6
    Orc: D:9-12

Altars:
Ashenzari
Cheibriados
Dithmenos
Elyvilon
Fedhas
Gozag
Kikubaaqudgha
Makhleb
Nemelex Xobeh
Okawaru
Pakellas
Qazlal
Ru
Sif Muna
Trog
Vehumet
Xom
Yredelemnul
Zin
The Shining One

Shops:
D:6 (

Annotations:
Lair:3 Sonja, Urug


Innate Abilities, Weirdness & Mutations

You reflexively headbutt those who attack you in melee.
You have a pair of horns on your head.
You have large cloven feet.
Your flesh is cold resistant.
You evolve.


Message History

You feel very sick.
The black mamba bites you but does no damage.
Unknown command.
You completely miss Sonja. Your headbutt misses Sonja.
You slice the black mamba!!
The black mamba is severely wounded.
* * * LOW HITPOINT WARNING * * *
You feel sick. The black mamba bites you.
* * * LOW HITPOINT WARNING * * *
Unknown command.
* * * LOW HITPOINT WARNING * * *
You feel very sick.
You barely miss Sonja. Your headbutt misses Sonja. You hit the black mamba.
The black mamba is severely wounded.
* * * LOW HITPOINT WARNING * * *
You feel sick. The black mamba barely misses you.
Sonja hits you but does no damage.
You are more poisoned.
Sonja hits you with an uncursed dagger of venom.
You die...

#.......[................((#YY
#####.........####......(.(...
#....).....# #P....(..§#..
#..........## ##.........##
#.>.....P÷..####..r.......#
#......#.#.....o.(Y.........
#......)##........Y..........
.......###..KSYY.....P##.....
.. ##.@....Y...####....
##........## ##... #.P.......#
#< ###........# #.....####
#####..# ####


You could see Urug, a black mamba, 5 yaks and Sonja.

Vanquished Creatures
  A frost giant (IceCv)
  Fannar (Lair:3)
  Pikel (D:7)
  An ice statue (IceCv)
  A spiny frog (Lair:3)
  A queen bee (D:9)
  14 polar bears (IceCv)
  8 yaks (IceCv)
  A hippogriff (D:8)
  A hungry ghost (D:7)
  3 water moccasins
  Duvessa (D:7)
  2 porcupines
  An eye of draining (D:8)
  A black bear (D:9)
  2 ice beasts
  4 orc warriors
  A necrophage (D:9)
  2 phantoms
  3 slaves (D:7)
  An ogre (D:5)
  12 wolves (IceCv)
  3 centaurs
  6 crocodiles
  A big kobold (D:9)
  10 giant frogs
  Dowan (D:7)
  8 gnoll sergeants (Bailey)
  A water moccasin zombie (Ossuary)
  2 scorpions
  19 killer bees (D:9)
  A howler monkey (D:4)
  A crimson imp (D:9)
  6 jellies (D:9)
  6 gnoll shamans (Bailey)
  7 hounds
  6 orc priests
  3 iguanas
  6 orc wizards
  6 worker ants
  3 big kobold zombies (Ossuary)
  A hound zombie (D:7)
  2 mummies (Ossuary)
  Robin (D:3)
  A worker ant zombie (D:7)
  4 adders
  22 gnolls
  A howler monkey skeleton (D:4)
  21 river rats
  12 white imps (Lair:3)
  6 oozes
  3 adder skeletons
  5 adder zombies (Ossuary)
  3 worms
  2 dart slugs
  6 giant geckos
  31 orcs
  A ball python (D:1)
  5 giant cockroaches
  A gnoll zombie (Ossuary)
  24 goblins
  18 hobgoblins
  15 jackals
  3 quokkas
  13 bats
  A giant gecko skeleton (D:7)
  3 giant newts
  4 hobgoblin zombies (Ossuary)
  A jackal zombie (D:5)
  19 kobolds
  5 kobold zombies (Ossuary)
  6 orc zombies (Ossuary)
  2 quokka skeletons
  2 quokka zombies
  11 rats
  A bush (Temple)
  2 fungi
417 creatures vanquished.

Vanquished Creatures (others)
  4 orcs (D:7)
  7 fungi (D:9)
11 creatures vanquished.

Grand Total: 428 creatures vanquished

Notes
Turn   | Place    | Note
--------------------------------------------------------------
     0 | D:1      | magog001 the Minotaur Fighter began the quest for the Orb.
     0 | D:1      | Reached XP level 1. HP: 19/19 MP: 0/0
   217 | D:1      | Reached XP level 2. HP: 27/27 MP: 1/1
  1101 | D:1      | Reached XP level 3. HP: 33/33 MP: 2/2
  1384 | D:2      | Reached skill level 3 in Axes
  1442 | D:2      | Found a deep blue altar of Sif Muna.
  1722 | D:3      | Noticed Robin
  1727 | D:3      | Reached XP level 4. HP: 35/40 MP: 3/3
  1730 | D:3      | HP: 2/40 [Robin/goblin (1)]
  1738 | D:3      | Killed Robin
  2968 | D:4      | Reached XP level 5. HP: 47/47 MP: 4/4
  2983 | D:4      | Reached skill level 5 in Armour
  2989 | D:4      | Reached skill level 4 in Axes
  3274 | D:4      | Reached skill level 5 in Fighting
  3395 | D:4      | Reached XP level 6. HP: 54/56 MP: 5/5
  3414 | D:4      | Found a white marble altar of Elyvilon.
  3430 | D:4      | Reached skill level 5 in Axes
  3516 | D:4      | Found a snail-covered altar of Cheibriados.
  3523 | D:4      | Found an oddly glowing altar of Pakellas.
  3526 | D:4      | Found a shadowy altar of Dithmenos.
  3699 | D:5      | Entered Level 5 of the Dungeon
  3777 | D:5      | Reached XP level 7. HP: 62/62 MP: 6/6
  3981 | D:5      | Reached skill level 6 in Axes
  4109 | D:5      | Found a sacrificial altar of Ru.
  4115 | D:5      | Found a shattered altar of Ashenzari.
  4121 | D:5      | Found an ancient bone altar of Kikubaaqudgha.
  4240 | D:6      | Found a sand-covered staircase.
  4249 | Ossuary  | Entered an ossuary
  4495 | D:6      | Found a glowing golden altar of the Shining One.
  4495 | D:6      | Found a bloodstained altar of Trog.
  4500 | D:6      | Found a sparkling altar of Nemelex Xobeh.
  4529 | D:6      | Found a shimmering altar of Xom.
  4531 | D:6      | Found a burning altar of Makhleb.
  4591 | D:6      | Reached skill level 7 in Axes
  4597 | D:6      | Found Ihyifank's Weapon Emporium.
  4713 | D:6      | Found a staircase to the Ecumenical Temple.
  4726 | D:6      | Reached XP level 8. HP: 71/71 MP: 7/7
  4750 | Temple   | Entered the Ecumenical Temple
  5053 | D:7      | Reached skill level 8 in Axes
  5097 | D:7      | Noticed Pikel
  5120 | D:7      | Killed Pikel
  5120 | D:7      | Reached skill level 9 in Axes
  5120 | D:7      | Reached XP level 9. HP: 75/81 MP: 8/8
  5486 | D:7      | Noticed Dowan
  5487 | D:7      | Noticed Duvessa
  5495 | D:7      | Killed Duvessa
  5503 | D:7      | Killed Dowan
  5503 | D:7      | Reached skill level 10 in Axes
  6298 | D:9      | Found a flagged portal.
  6411 | D:9      | Reached skill level 11 in Axes
  6411 | D:9      | Reached skill level 1 in Stealth
  6455 | Bailey   | Entered a bailey
  6705 | Bailey   | Reached XP level 10. HP: 64/92 MP: 9/9
  7398 | D:9      | Reached skill level 10 in Fighting
  7473 | D:9      | Found a staircase to the Lair.
  7788 | D:9      | Found an oddly glowing altar of Pakellas.
  7802 | D:9      | Reached skill level 12 in Axes
  8003 | D:9      | Reached skill level 10 in Armour
  8521 | Lair:1   | Entered Level 1 of the Lair of Beasts
  9259 | Lair:2   | Reached skill level 13 in Axes
  9578 | Lair:2   | Gained mutation: Your flesh is cold resistant. [potion of beneficial mutation]
  9614 | Lair:3   | Noticed a spiny frog
  9629 | Lair:3   | Killed a spiny frog
  9629 | Lair:3   | Reached XP level 11. HP: 75/102 MP: 10/10
  9643 | Lair:3   | Found a burning altar of Makhleb.
  9643 | Lair:3   | Noticed Fannar
  9670 | Lair:3   | Killed Fannar
  9684 | Lair:3   | Found a frozen archway.
  9721 | IceCv    | Entered an ice cave
  9750 | IceCv    | Reached skill level 1 in Evocations
 10062 | IceCv    | Reached skill level 14 in Axes
 10110 | IceCv    | Gained mutation: You evolve. [potion of beneficial mutation]
 10576 | IceCv    | Gained mutation: You have large cloven feet. [evolution]
 10810 | IceCv    | Noticed a frost giant
 10847 | IceCv    | Killed a frost giant
 11300 | Lair:3   | Noticed Sonja
 11303 | Lair:3   | Noticed Urug
 11316 | Lair:3   | HP: 7/157 [poisoned by Sonja]
 11318 | Lair:3   | HP: 2/157 [black mamba (5)]
 11320 | Lair:3   | Slain by Sonja

Skill      XL: |  1  2  3  4  5  6  7  8  9 10 11 |
---------------+----------------------------------+-----
Fighting       | 4 5 6 8 9 11 12 | 12.7
Shields        | 4 |  4.3
Armour         | 4 5 6 8 9 10 12 | 12.0
Axes           | 3 4 5 7 9 11 13 14 | 14.8
Stealth        | 1 |  1.2
Evocations     | 1 |  1.7

Action                   |  1- 3 |  4- 6 |  7- 9 | 10-12 || total
-------------------------+-------+-------+-------+-------++-------
Melee: War axe           |   105 |   176 |   382 |   496 ||  1159
       Headbutt          |    18 |    31 |   103 |   134 ||   286
       Battleaxe         |     4 |    26 |       |       ||    30
Evoke: Wand              |       |       |     2 |     9 ||    11
  Use: Potion            |       |     9 |     6 |    10 ||    25
       Scroll            |       |    10 |     9 |     8 ||    27
  Eat: Chunk             |     3 |     2 |     8 |     7 ||    20
       Bread ration      |       |     1 |     1 |       ||     2
       Beef jerky        |       |     1 |       |     1 ||     2
       Pizza             |       |       |     1 |       ||     1
       Meat ration       |       |       |       |     1 ||     1
       Royal jelly       |       |       |       |     1 ||     1
Armor: Scale mail        |    45 |    83 |       |       ||   128
       Plate armour      |       |    42 |   144 |   271 ||   457
Dodge: Dodged            |    37 |    67 |    12 |    51 ||   167
Block: Shield            |    66 |       |       |       ||    66
       Large shield      |       |   204 |   374 |   599 ||  1177
